 Dungeon Crawl Stone Soup version 0.31-a0-1002-g8e65716e6e (webtiles) character file.

Game seed: 10150354839406631335

9919 BinkBink the Fighter (level 11, -6/104 HPs)
             Began as a Minotaur Monk on Nov 10, 2023.
             Was an Elder of Qazlal.
             Mangled by Snorg (17 damage)
             ... on level 12 of the Dungeon.
             The game lasted 00:10:44 (8666 turns).

BinkBink the Fighter (Minotaur Monk)                Turns: 8666, Time: 00:10:45

Health: -6/104     AC: 10    Str: 15    XL:     11   Next: 29%
Magic:  0/10       EV: 18    Int:  7    God:    Qazlal [****..]
Gold:   463        SH:  5    Dex: 18    Spells: 10/10 levels left

rFire   . . .        B - +3 falchion (freeze)
rCold   . . .        d - orb {light}
rNeg    + . .        c - +0 acid dragon scales
rPois   .            (helmet restricted)
rElec   .            l - +0 cloak
rCorr   +            n - +0 pair of gloves
SInv    .            (no boots)
Will    .....        u - amulet of guardian spirit
Stlth   +            k - ring of positive energy
HPRegen 0.37/turn    (no ring)
MPRegen 0.12/turn

%: repel missiles, guardian spirit
@: glowing
A: horns 2, retaliatory headbutt
a: Renounce Religion, Upheaval, Elemental Force


You were on level 12 of the Dungeon.
You worshipped Qazlal.
Qazlal was greatly pleased with you.
You visited 2 branches of the dungeon, and saw 12 of its levels.

You collected 652 gold pieces.
You spent 189 gold pieces at shops.

Inventory:

Hand Weapons
 a - a +0 falchion
 p - the +2 short sword of Xured {freeze, Str+3 Stlth+}
   (You found it on level 3 of the Dungeon)

   Str+3:     It affects your strength (+3).
   Stlth+:    It makes you more stealthy.
 B - a +3 falchion of freezing (weapon)
Missiles
 v - a throwing net
Armour
 c - +0 acid dragon scales (worn)
 d - an orb of light (worn)
 l - a +0 cloak (worn)
 n - a +0 pair of gloves (worn)
Jewellery
 k - a ring of positive energy (left hand)
 u - an amulet of guardian spirit (around neck)
 y - a ring of willpower
 G - a ring of fire
Wands
 D - a wand of polymorph (3)
Scrolls
 e - 3 scrolls of teleportation {unknown}
 f - 8 scrolls of identify {unknown}
 h - a scroll of poison {unknown}
 i - 2 scrolls of silence {unknown}
 j - 2 scrolls of immolation {unknown}
 s - 3 scrolls of enchant armour {unknown}
 t - a scroll of amnesia {unknown}
 E - a scroll of brand weapon {unknown}
 F - a scroll of enchant weapon {unknown}
Potions
 b - a potion of magic {unknown}
 g - 2 potions of enlightenment {unknown}
 m - 8 potions of heal wounds {unknown}
 o - 2 potions of brilliance {unknown}
 q - 2 potions of resistance {unknown}
 r - 4 potions of curing {unknown}
 w - a potion of mutation {unknown}
 x - 2 potions of haste {unknown}
 z - a potion of cancellation {unknown}
 A - 2 potions of might {unknown}
 C - 6 potions of ambrosia


   Skills:
 + Level 12.2 Fighting
 + Level 12.1 Long Blades
 + Level 7.0 Armour
 + Level 11.1 Dodging


You had 10 spell levels left.
You didn't know any spells.
Your spell library contained the following spells:

 Spells                   Type           Power      Damage    Failure   Level
 Magic Dart               Conj           0%         1d3       52%         1
 Slow                     Hex            0%         N/A       52%         1
 Call Imp                 Summ           0%         N/A       67%         2
 Sublimation of Blood     Necr           0%         N/A       67%         2
 Wereblood                Tmut           0%         N/A       67%         2
 Confusing Touch          Hex            0%         N/A       88%         3
 Mephitic Cloud           Conj/Pois/Air  0%         N/A       88%         3
 Sigil of Binding         Hex            0%         N/A       88%         3
 Vampiric Draining        Necr           0%         2d6       88%         3
 Summon Hydra             Summ           0%         N/A       100%        7


Dungeon Overview and Level Annotations

Branches:
Dungeon (12/15)            Temple (1/1) D:4             Orc (0/2) D:10
   Lair: D:8-11

Altars:
Ashenzari
Cheibriados
Dithmenos
Elyvilon
Fedhas
Gozag
Hepliaklqana
Kikubaaqudgha
Makhleb
Nemelex Xobeh
Okawaru
Qazlal
Ru
Sif Muna
Trog
Uskayaw
Vehumet
Xom
Yredelemnul
Zin
The Shining One

Shops:
D:2 (   D:5 =(*?=

Annotations:
D:12 Snorg


Innate Abilities, Weirdness & Mutations

You have a pair of horns on your head.
You reflexively headbutt those who attack you in melee.


Message History

You kill the unseen horror!
Qazlal accepts your kill.
Your Armour skill increases to level 7!
No target in view!
No target in view!
b - a silvery potion
A - 2 yellow potions (gained 1)
Found a quarterstaff.
Snorg the Insatiable opens the door.
You block Snorg's attack. Snorg claws you but does no damage. Snorg claws you!
There is an open door here.
You slash Snorg! You freeze Snorg. You headbutt Snorg.
Snorg is moderately wounded.
Snorg is engulfed in a thunderstorm.
Snorg goes berserk!
You slash Snorg! You freeze Snorg. You headbutt Snorg, but do no damage.
Snorg is severely wounded.
Snorg bites you! You block Snorg's attack. Snorg barely misses you.
You hit Snorg. You freeze Snorg. You headbutt Snorg.
Snorg is severely wounded.
Snorg completely misses you. Snorg claws you. Snorg claws you!
You hit Snorg. You freeze Snorg.
Snorg is severely wounded.
Snorg closely misses you. Snorg claws you! Snorg barely misses you.
You hit Snorg. You freeze Snorg.
Snorg is severely wounded.
Snorg completely misses you. Snorg misses you. Snorg claws you!
You are too injured to fight recklessly!
You are too injured to fight recklessly!
You are too injured to fight recklessly!
You hit Snorg. You freeze Snorg.
Snorg is almost dead.
Snorg bites you. You block Snorg's attack. Snorg closely misses you.
You slash Snorg! You freeze Snorg. You headbutt Snorg.
Snorg is almost dead.
Snorg bites you!!
* * * LOW HITPOINT WARNING * * *
Snorg claws you!
* * * LOW HITPOINT WARNING * * *
Snorg claws you!!
You die...

#....................#
#....................#
#....................#
########....................#
.............#######........#
.............#.....#........#
...........○.#.§...#........#
...........§.#T°...#........#
...........○○@°....#........#
.............#...###........#
..........)..#...#....#######
#####........#...#....#
#......###...#...## #......#
...#...# #......# ...#...#
#...... ...#...## ######....#


You could see Snorg (berserk).

Vanquished Creatures
  A boulder beetle (D:11)
  2 two-headed ogres
  A manticore (D:12)
  A cyclops (D:12)
  3 gargoyles
  An unseen horror (D:12)
  A queen bee (D:11)
  A shadow (D:11)
  A wyvern (D:10)
  4 wraiths
  11 yaks
  2 vampire mosquitoes (D:11)
  A steam dragon (D:6)
  An acid dragon (D:10)
  2 orc warriors (D:10)
  2 black bears
  An ogre (D:5)
  A centaur (D:10)
  A kobold brigand (D:6)
  2 wyvern zombies (D:7)
  2 scorpions (D:5)
  6 wights
  23 killer bees (D:11)
  A howler monkey (D:6)
  5 hounds
  5 orc priests
  2 jellies
  Jessica (D:3)
  A sleepcap (D:6)
  An iguana (D:6)
  3 orc wizards
  7 gnolls (D:5)
  12 adders
  A shadow imp (D:7)
  2 white imps (D:6)
  A worm (D:3)
  A dart slug (D:1)
  30 orcs
  7 bats
  5 endoplasms
  2 giant cockroaches
  33 goblins
  25 hobgoblins
  5 jackals
  2 quokkas
  4 ball pythons
  3 frilled lizards
  14 kobolds
  4 rats
248 creatures vanquished.

Notes
Turn   | Place    | Note
-------+----------+-------------------------------------------
     0 | D:1      | BinkBink the Minotaur Monk began the quest for the Orb.
     0 | D:1      | Reached XP level 1. HP: 19/19 MP: 0/0
   161 | D:1      | Reached XP level 2. HP: 23/27 MP: 1/1
   599 | D:2      | Found an ancient bone altar of Kikubaaqudgha.
   687 | D:2      | Found Xeocag's Antique Weapon Shop.
  1013 | D:2      | Reached XP level 3. HP: 29/33 MP: 2/2
  1275 | D:3      | Found a broken altar of Ashenzari.
  1276 | D:3      | Found a burning altar of Makhleb.
  1316 | D:3      | Reached XP level 4. HP: 32/41 MP: 3/3
  1316 | D:3      | Noticed a black bear
  1325 | D:3      | Killed a black bear
  1326 | D:3      | Reached skill level 5 in Fighting
  1326 | D:3      | Reached skill level 5 in Long Blades
  1326 | D:3      | Reached XP level 5. HP: 14/48 MP: 4/4
  1491 | D:3      | Identified the +2 short sword of Xured {freeze, Str+3
                  | Stlth+}
  1764 | D:3      | Noticed Jessica
  1771 | D:3      | Killed Jessica
  2006 | D:4      | Reached skill level 5 in Dodging
  2024 | D:4      | Reached XP level 6. HP: 56/56 MP: 5/5
  2460 | D:4      | Found a staircase to the Ecumenical Temple.
  2481 | Temple   | Entered the Ecumenical Temple
  2489 | Temple   | Became a worshipper of Qazlal Stormbringer
  2489 | Temple   | Reached * piety under Qazlal
  2489 | Temple   | Reached ** piety under Qazlal
  2580 | D:4      | Identified the +1 robe of Niuvayv {Str+3 SInv}
  2649 | D:5      | Entered Level 5 of the Dungeon
  2655 | D:5      | Reached XP level 7. HP: 63/63 MP: 6/6
  2811 | D:5      | Found Bapi's Magic Scroll Boutique.
  2859 | D:5      | Found Zuafiwy's Assorted Antiques.
  2866 | D:5      | Bought a scroll labelled CIXYRCH HEENUT for 27 gold pieces
  2866 | D:5      | Bought a scroll labelled PEXAKL QAM AHA for 27 gold pieces
  3076 | D:5      | Reached *** piety under Qazlal
  3500 | D:5      | Found Maoniuff's Jewellery Emporium.
  3909 | D:5      | Found Wuomer's Jewellery Shoppe.
  3910 | D:5      | Found Necunoobb's Weapon Boutique.
  4220 | D:5      | Bought a thin bone amulet for 135 gold pieces
  4239 | D:6      | Reached XP level 8. HP: 73/73 MP: 7/7
  4760 | D:6      | Reached **** piety under Qazlal
  5492 | D:7      | You fall into a shaft and drop 3 floors!
  5492 | D:10     | Entered Level 10 of the Dungeon
  5523 | D:10     | Reached XP level 9. HP: 6/83 MP: 2/8
  5802 | D:10     | Noticed a gargoyle
  5818 | D:10     | Killed a gargoyle
  5873 | D:10     | Found a staircase to the Orcish Mines.
  6373 | D:10     | Noticed a two-headed ogre
  6385 | D:10     | Killed a two-headed ogre
  6386 | D:10     | Reached skill level 10 in Fighting
  6386 | D:10     | Reached skill level 10 in Long Blades
  6853 | D:11     | Reached XP level 10. HP: 94/94 MP: 9/9
  7000 | D:11     | Noticed a boulder beetle
  7034 | D:11     | Killed a boulder beetle
  7035 | D:11     | Reached skill level 10 in Dodging
  7065 | D:11     | Noticed a gargoyle
  7069 | D:11     | Killed a gargoyle
  7070 | D:11     | Reached skill level 5 in Armour
  7925 | D:12     | Reached XP level 11. HP: 104/104 MP: 10/10
  7969 | D:12     | Found a shimmering blue altar of Sif Muna.
  8036 | D:12     | Noticed a two-headed ogre
  8050 | D:12     | Killed a two-headed ogre
  8659 | D:12     | Noticed Snorg
  8666 | D:12     | Mangled by Snorg

Illustrated notes

Levels and vault maps discovered:
D:1:      wheals_arrival_linesprint, layout_rooms, minmay_liquid_box,
          minivault_24
D:2:      layout_basic, basic_altar, serial_shops, shop
D:3:      layout_basic, gammafunk_temple_overflow_statue, uniq_jessica
D:4:      layout_basic, minmay_temple_entry_overgrown
D:5:      minmay_goblin_kobold_castle, layout_cave_pods, serial_shops, shop,
          nicolae_shop_rolled_up, shop, shop_fountains,
          nicolae_shop_advertising_works [nicolae_subvault_shop_adworks],
          st_stairs_11, reono_crystal_passage
D:6:      layout_loops_cross
D:7:      layout_loops_ring, serial_undead, serial_undead_c, serial_undead_d,
          serial_undead_f, serial_undead_c, serial_undead_e,
          nicolae_shop_self_help
D:9:      layout_basic, david_lair_generic, serial_shops, shop,
          minmay_crystal_room, uniq_erica
D:10:     layout_basic, minmay_orc_entry_temple_small, corner_web_ring,
          ebering_dispersal_statue_hall, chequers_mini_garden
D:11:     layout_long_grid, special_room [special_room_bee],
          serial_bayou_lagoon_a
D:12:     layout_irregular_city, hellmonk_sif_muna_bookshelves, uniq_snorg
Temple:   compressed_dpeg_triangle_lava_temple

Skill      XL: |  1  2  3  4  5  6  7  8  9 10 11 |
---------------+----------------------------------+-----
Long Blades    | 4 5 6 7 9 10 11 12 | 12.1
Fighting       | 4 5 6 7 9 10 11 12 | 12.2
Dodging        | 4 5 6 8 9 10 11 | 11.1
Armour         | 3 6 7 |  7.0

Action                     |  1- 3 |  4- 6 |  7- 9 | 10-12 || total
---------------------------+-------+-------+-------+-------++-------
  Melee: Falchion          |    54 |     9 |       |   187 ||   250
         Headbutt          |     6 |    17 |   102 |    52 ||   177
         Short sword       |       |    79 |   376 |       ||   455
    Use: Potion            |       |       |     1 |       ||     1
   Stab: Sleeping          |     1 |       |       |       ||     1
 Armour: Robe              |    24 |    48 |   111 |       ||   183
         Acid dragon scale |       |       |    10 |    78 ||    88
  Dodge: Dodged            |    35 |    54 |   216 |   116 ||   421
         Repelled          |       |       |     3 |       ||     3
  Block: Orb               |       |       |    51 |    40 ||    91

Table legend: (Time is in decaauts)
 A = Elapsed time spent in this place.
 B = Non-inter-level travel time spent in this place.
 C = Inter-level travel time spent in this place.
 D = Time resting spent in this place.
 E = Time spent auto-exploring this place.
 F = Levels seen in this place.
 G = Mean time per level.
                   A        B        C        D        E       F      G
               +--------+--------+--------+--------+--------+-----+--------+
         Total |   8562 |   8192 |    370 |   1079 |   5833 |  12 |  713.5 |
       Dungeon |   8548 |   8178 |    370 |   1079 |   5833 |  11 |  777.1 |
        Temple |     13 |     13 |      0 |      0 |      0 |   1 |   13.0 |
               +--------+--------+--------+--------+--------+-----+--------+

Top non-repeatable levels by time:
     D:5: 1330 daAuts
    D:10: 1302 daAuts
    D:11: 1040 daAuts
     D:6: 935 daAuts
     D:4: 866 daAuts
    D:12: 742 daAuts
     D:3: 740 daAuts
     D:2: 690 daAuts
     D:1: 571 daAuts
     D:7: 304 daAuts
     D:9: 24 daAuts
  Temple: 13 daAuts
